 Dungeon Crawl Stone Soup version 0.31-a0-1074-g0b22e4e0f1 (webtiles) character file.

Game seed: 15101776928971797670

2923 Jeffwins the Changeling (level 9, 0/63 HPs)
             Began as an Armataur Shapeshifter on Nov 26, 2023.
             Slain by a killer bee (6 damage)
             ... on level 7 of the Dungeon.
             The game lasted 00:09:22 (5886 turns).

Jeffwins the Changeling (Armataur Shapeshifter)     Turns: 5886, Time: 00:09:22

Health: 0/63       AC: 10    Str: 19    XL:     9   Next: 50%
Magic:  13/13      EV: 10    Int: 15    God:
Gold:   305        SH:  0    Dex: 16    Spells: 12/14 levels left

rFire   + .          .
                       - Unarmed
rCold   + . .        (shield currently unavailable)
rNeg    . . .        a - +0 animal skin
rPois   .            C - +0 helmet
rElec   .            A - scarf {rC+ rF+}
rCorr   .            p - +0 pair of gloves
SInv    .            (no barding)
Will    .....        F - amulet of the acrobat
Stlth   +            X - +6 ring of dexterity
HPRegen 0.30/turn    O - +4 ring of protection
MPRegen 0.13/turn

%: acrobat, roll
@: lethally poisoned (0 -> -4), flux-form, glowing
A: glow, contaminating, large, deformed body, tough skin 3, armoured tail, roll
2, long tongue
a: Begin Untransformation


You were on level 7 of the Dungeon.
You were something dangerously unstable.
You visited 1 branch of the dungeon, and saw 7 of its levels.
You also visited: Sewer.

You collected 305 gold pieces.


Innate Abilities, Weirdness & Mutations

You are something dangerously unstable.
You glow with magical radiation, making you easy to see and hit.
Foes you strike become dangerously contaminated with magical radiation.
You are incapable of wielding weapons or throwing items.
Armour fits poorly on your strangely shaped body.
You have extremely tough skin. (AC +3)
You have a long armoured tail.
You roll and regenerate health when moving toward enemies. (Rampage Heal)
Your long tongue fully drains potion bottles. (2x potion effects)


   Skills:
 - Level 0.8 Fighting
 - Level 2.0 Dodging
 * Level 6.3 Unarmed Combat
 + Level 3.2 Spellcasting
 + Level 3.7 Transmutations
 * Level 5.1 Ice Magic
 + Level 1.5 Evocations
 - Level 7.0 Shapeshifting


You had 12 spell levels left.
You knew the following spells:

 Your Spells              Type           Power      Damage    Failure   Level
X - Wereblood             Tmut           13%        N/A       6%          2

Your spell library contained the following spells:

 Spells                   Type           Power      Damage    Failure   Level
 Ozocubu's Armour         Ice            17%        N/A       7%          3
 Slow                     Hex            8%         N/A       21%         1
 Confusing Touch          Hex            2%         N/A       52%         3
 Sigil of Binding         Hex            2%         N/A       52%         3
 Vampiric Draining        Necr           2%         2d6       52%         3
 Metabolic Englaciation   Hex/Ice        5%         N/A       88%         5
 Irradiate                Conj/Tmut      4%         3d13      94%         5
 Simulacrum               Ice/Necr       5%         N/A       100%        6
 Ozocubu's Refrigeration  Ice            8%         4d9       100%        7
 Polar Vortex             Ice            8%         12d1*     100%        9

Inventory:

Missiles
 s - 8 poisoned darts
 y - 5 silver javelins
Armour
 a - a +0 animal skin (worn)
 p - a +0 pair of gloves (worn)
 A - a scarf of resistance (worn)
 C - a +0 helmet (worn)
Jewellery
 F - an amulet of the acrobat (around neck)
 O - a +4 ring of protection (right hand)
 X - a +6 ring of dexterity (left hand)
Talismans
 c - a beast talisman
 d - a flux talisman (active)
 k - a talisman of death
Wands
 r - a wand of roots (16)
 D - a wand of flame (27)
 G - a wand of mindburst (14)
Scrolls
 f - 3 scrolls of noise {!r}
 i - a scroll of silence {unknown}
 m - a scroll of fog {unknown}
 o - a scroll of fear
 q - a scroll of enchant weapon {unknown}
 u - 3 scrolls of amnesia {unknown}
 v - a scroll of vulnerability {unknown}
 w - a scroll of brand weapon {unknown}
 x - 5 scrolls of enchant armour {unknown}
 z - 2 scrolls of poison {unknown}
 B - 2 scrolls of blinking {unknown}
 E - a scroll of identify {@r1}
Potions
 b - 2 potions of lignification {!q}
 e - 2 potions of magic
 g - 2 potions of haste {unknown}
 h - 2 potions of resistance {unknown}
 j - 5 potions of curing {@q1}
 l - a potion of berserk rage {unknown}
 n - 2 potions of heal wounds {@q2}
 t - 3 potions of enlightenment
 H - a potion of might {unknown}

Dungeon Overview and Level Annotations

Branches:
Dungeon (7/15)              Sewer (visited)
 Temple: D:4-7

Altars:
Dithmenos
Qazlal
Sif Muna
Xom

Annotations:
D:5 2 transporters, pigah's ghost, novice OpSh

~~~~....# ~.......#
~.......# ....⌠...#
▒.....# ▒▒▒▒)...##
..)).....#####
########.....######
##........yp.#
#.........##.#
#....▓.....# .#
.....▓.▓....# .#
#....▓.#.▓....#.#
....▓.▓.▓.▓.....!
...▓.#.▓.#.▓......
.▓.▓.▓.▓.▓.▓.....
.#.▓ .▓ ▓....


You could see a killer bee (contam).


Message History

The killer bee stings you but does no damage.
Unknown command.
You closely miss the killer bee.
The killer bee is lightly wounded.
The killer bee barely misses you.
Unknown command.
You miss the killer bee.
The killer bee is lightly wounded.
The killer bee stings you.
* * * LOW HITPOINT WARNING * * *
You are poisoned.
The killer bee poisons you! The killer bee stings you.
* * * LOW HITPOINT WARNING * * *
You hit the killer bee.
The killer bee shudders as magic cascades through it!
You kill the killer bee!
You feel very sick.
The killer bee stings you but does no damage.
Unknown command.
You hit the killer bee.
The killer bee begins to glow.
The killer bee is moderately wounded.
You feel sick.
The killer bee stings you but does no damage.
Unknown command.
You closely miss the killer bee.
The killer bee is moderately wounded.
You feel sick. The killer bee stings you.
* * * LOW HITPOINT WARNING * * *
The killer bee stings you.
You die...

Skill      XL: |  1  2  3  4  5  6  7  8  9 |
---------------+----------------------------+-----
Shapeshifting  | 3 4 5 6 7 |  7.0
Unarmed Combat | 3 4 5 6 |  6.3
Dodging        | 2 |  2.0
Ice Magic      | 1 2 4 5 |  5.1
Spellcasting   | 1 2 3 |  3.2
Transmutations | 1 3 |  3.7
Evocations     | 1 |  1.5
Fighting       | |  0.8

Action                     |  1- 3 |  4- 6 |  7- 9 || total
---------------------------+-------+-------+-------++-------
  Melee: Unarmed           |   120 |   159 |   216 ||   495
         Tailslap          |    10 |    29 |    47 ||    86
         Punch             |     1 |     3 |       ||     4
  Evoke: Wand              |       |     1 |     1 ||     2
    Use: Scroll            |       |     1 |     3 ||     4
         Potion            |       |       |     2 ||     2
   Stab: Sleeping          |     1 |     4 |     1 ||     6
 Armour: Animal skin       |    60 |    79 |   173 ||   312
  Dodge: Dodged            |    53 |    68 |   132 ||   253
   Form: Flux              |       |       |     1 ||     1

Levels and vault maps discovered:
D:1:      minmay_arrival_nine_rooms, layout_loops_ring,
          shapermc_ecumenical_altar_acropolis
D:2:      minmay_wonky_spiral, layout_rooms, grunt_ministairs_4, hex_large,
          st_stairs_7, minmay_bisected
D:3:      layout_loops_ring, mainiacjoe_overflow_six_doors_small,
          grunt_dithmenos_smoke, minmay_liquid_box
D:4:      layout_basic, serial_curves, eino_curves_03, eino_curves_01,
          kennysheep_diamond
D:5:      layout_rooms, kennysheep_little_box, gammafunk_ghost_stat_death,
          portal_sewer_entry_f, nicolae_elevator_lobby_asterisk
D:6:      layout_rooms, mainiacjoe_overflow_surrounded_room,
          kennysheep_flooded_box, minivault_24
D:7:      layout_rooms, kiku_gazebo_pond_becter,
          minmay_temple_entry_gardened_gates, nicolae_the_louvre, uniq_maurice

Notes
Turn   | Place    | Note
-------+----------+-------------------------------------------
     0 | D:1      | Jeffwins the Armataur Shapeshifter began the quest for the
                  | Orb.
     0 | D:1      | Reached XP level 1. HP: 15/15 MP: 1/1
   130 | D:1      | Reached skill level 3 in Shapeshifting
   130 | D:1      | Reached XP level 2. HP: 19/22 MP: 2/2
   186 | D:1      | Reached skill level 3 in Unarmed Combat
   388 | D:1      | Found a faded altar of an unknown god.
   789 | D:2      | Reached XP level 3. HP: 20/27 MP: 3/3
   928 | D:2      | Reached skill level 2 in Dodging
  1164 | D:2      | Reached XP level 4. HP: 31/34 MP: 4/4
  1656 | D:3      | Found a stormy altar of Qazlal.
  1673 | D:3      | You fall into a shaft and drop 3 floors!
  1680 | D:5      | Entered Level 5 of the Dungeon
  1687 | D:5      | Reached skill level 4 in Shapeshifting
  1737 | D:5      | Noticed a scorpion
  1747 | D:5      | Killed a scorpion
  1748 | D:5      | Reached XP level 5. HP: 13/39 MP: 5/5
  1778 | D:5      | Found a glowing drain.
  1803 | Sewer    | Entered a sewer
  1935 | Sewer    | Reached skill level 5 in Shapeshifting
  2042 | Sewer    | Found a glowing silver altar of Zin.
  2113 | D:5      | Reached XP level 6. HP: 46/46 MP: 6/6
  2334 | D:4      | Reached skill level 6 in Shapeshifting
  2667 | D:3      | Learned a level 2 spell: Wereblood
  2767 | D:3      | Found a shadowy altar of Dithmenos.
  3417 | D:4      | Reached skill level 1 in Ice Magic
  3417 | D:4      | Gained mutation: You roll and regenerate health when moving
                  | toward enemies. (Rampage Heal) [Armataur growth]
  3417 | D:4      | Reached XP level 7. HP: 33/51 MP: 7/7
  3625 | D:4      | Identified a scarf of resistance
  3694 | D:4      | Reached skill level 1 in Spellcasting
  3694 | D:4      | Reached skill level 1 in Transmutations
  4228 | D:5      | Found a transporter.
  4230 | D:5      | Noticed pigah's ghost (novice OpSh)
  4326 | D:5      | Found a transporter.
  4555 | D:5      | Reached skill level 2 in Ice Magic
  4577 | D:5      | Found a shimmering altar of Xom.
  4696 | D:5      | Reached skill level 4 in Unarmed Combat
  4765 | D:6      | Reached XP level 8. HP: 55/58 MP: 10/10
  4777 | D:6      | Reached skill level 2 in Transmutations
  4782 | D:6      | Noticed a two-headed ogre
  4791 | D:6      | Reached skill level 3 in Ice Magic
  4796 | D:6      | HP: 1/55 [two-headed ogre/+0 giant spiked club (18)]
  4798 | D:6      | Killed a two-headed ogre
  4799 | D:6      | Reached skill level 5 in Unarmed Combat
  4799 | D:6      | Reached skill level 2 in Spellcasting
  4799 | D:6      | Reached skill level 4 in Ice Magic
  4999 | D:6      | Found a shimmering blue altar of Sif Muna.
  5155 | D:6      | Reached skill level 3 in Transmutations
  5326 | D:6      | Reached XP level 9. HP: 56/63 MP: 13/13
  5800 | D:7      | Noticed Maurice
  5814 | D:7      | Killed Maurice
  5815 | D:7      | Reached skill level 6 in Unarmed Combat
  5815 | D:7      | Reached skill level 3 in Spellcasting
  5815 | D:7      | Reached skill level 1 in Evocations
  5815 | D:7      | Reached skill level 7 in Shapeshifting
  5844 | D:7      | Reached skill level 5 in Ice Magic
  5886 | D:7      | HP: 6/63 [killer bee (3)]
  5886 | D:7      | Slain by a killer bee

Vanquished Creatures
  A two-headed ogre (D:6)
  Maurice (D:7)
  A water moccasin (D:6)
  A sky beast (D:6)
  4 ogres
  3 centaurs (D:7)
  A phantom (D:6)
  A kobold brigand (Sewer)
  4 scorpions
  3 killer bees (D:7)
  A howler monkey (D:4)
  3 jellies
  3 hounds
  2 orc priests
  8 iguanas
  2 orc wizards
  7 adders
  A white imp (D:5)
  4 ufetubi (D:5)
  2 worms (D:2)
  A dart slug (D:1)
  20 orcs
  8 ball pythons
  7 bats
  6 endoplasms
  9 giant cockroaches
  10 hobgoblins
  8 quokkas
  4 frilled lizards
  5 goblins
  14 kobolds
  14 rats
159 creatures vanquished.

Table legend: (Time is in decaauts)
 A = Elapsed time spent in this place.
 B = Non-inter-level travel time spent in this place.
 C = Inter-level travel time spent in this place.
 D = Time resting spent in this place.
 E = Time spent auto-exploring this place.
 F = Levels seen in this place.
 G = Mean time per level.
                   A        B        C        D        E       F      G
               +--------+--------+--------+--------+--------+-----+--------+
         Total |   5851 |   5563 |    288 |    294 |   4207 |   8 |  731.4 |
       Dungeon |   5569 |   5281 |    288 |    294 |   3969 |   7 |  795.6 |
         Sewer |    281 |    281 |      0 |      0 |    238 |   1 |  281.0 |
               +--------+--------+--------+--------+--------+-----+--------+

Top non-repeatable levels by time:
     D:4: 1275 daAuts
     D:6: 878 daAuts
     D:3: 829 daAuts
     D:2: 789 daAuts
     D:1: 767 daAuts
     D:5: 708 daAuts
     D:7: 320 daAuts
   Sewer: 281 daAuts

Table legend:
 A = Non-vault XP
 B = Vault XP
 C = Vault XP percentage of total XP
 D = Non-vault monster count
 E = Vault monster count
 F = Vault count percentage of total count
                 A         B        C        D         E       F
            +---------+---------+-------+---------+---------+-------
      Total |    3596 |     580 |  13.9 |     137 |      22 |  13.8
            +---------+---------+-------+---------+---------+-------
        D:1 |      32 |       0 |   0.0 |      20 |       0 |   0.0
        D:2 |      75 |      10 |  11.8 |      29 |       7 |  19.4
        D:3 |      85 |       0 |   0.0 |      22 |       0 |   0.0
        D:4 |     496 |       1 |   0.2 |      19 |       1 |   5.0
        D:5 |     444 |      10 |   2.2 |      18 |       5 |  21.7
        D:6 |    1658 |       0 |   0.0 |      17 |       0 |   0.0
        D:7 |     806 |     451 |  35.9 |      12 |       1 |   7.7
      Sewer |       0 |     108 | 100.0 |       0 |       8 | 100.0
            +---------+---------+-------+---------+---------+-------
